 Dungeon Crawl Stone Soup version 0.28.0 (webtiles) character file.

Game seed: 6729989539696395570

30 Arcadio the Sneak (level 3, -5/31 HPs)
             Began as a Naga Hedge Wizard on Feb 10, 2022.
             Slain by Sigmund (14 damage)
             ... on level 2 of the Dungeon.
             The game lasted 00:04:44 (1602 turns).

Arcadio the Sneak (Naga Hedge Wizard)               Turns: 1602, Time: 00:04:44

Health: -5/31      AC:  2    Str: 12    XL:     3   Next: 18%
Magic:  5/7        EV:  9    Int: 16    God:
Gold:   30         SH:  0    Dex: 10    Spells: 3/8 levels left

rFire   . . .      SeeInvis +   a - +0 dagger
rCold   . . .      Faith    .   (no shield)
rNeg    . . .      Spirit   .   b - +0 robe
rPois   +          Reflect  .   c - +0 hat
rElec   .          Harm     .   (no cloak)
rCorr   .          Rampage  .   (no gloves)
Will    .....                   (no barding)
Stlth   +.........              (no amulet)
HPRegen 0.10/turn               (no ring)
MPRegen 0.10/turn               (no ring)

@: confused, very slow
A: AC +1, large, see invisible, deformed body, poison resistance, slowness 2,
spit poison 1, naga tail 1
a: Spit Poison


You were on level 2 of the Dungeon.
You visited 1 branch of the dungeon, and saw 2 of its levels.

You collected 30 gold pieces.

Inventory:

Hand Weapons
 a - a +0 dagger (weapon)
Armour
 b - a +0 robe (worn)
 c - a +0 hat (worn)
 d - a +0 buckler
Scrolls
 g - a scroll of blinking {unknown}
 i - a scroll of noise {unknown}
Potions
 e - a potion of flight
 f - a potion of attraction {unknown}
 h - 2 potions of invisibility


   Skills:
 + Level 1.1 Fighting
 - Level 1.5 Dodging
 + Level 3.7 Stealth
 + Level 3.2 Spellcasting
 + Level 1.7 Conjurations
 - Level 1.0 Summonings
 - Level 1.0 Translocations


You had 3 spell levels left.
You knew the following spells:

 Your Spells              Type           Power      Damage    Failure   Level
a - Magic Dart            Conj           32%        1d4       9%          1
b - Blink                 Tloc           10%        N/A       19%         2
c - Call Imp              Summ           5%         N/A       19%         2

Your spell library contained the following spells:

 Spells                   Type           Power      Damage    Failure   Level
 Slow                     Hex            8%         N/A       19%         1
 Conjure Flame            Conj/Fire      5%         6-21      36%         3
 Dazzling Flash           Conj/Hex       10%        N/A       36%         3
 Mephitic Cloud           Conj/Pois/Air  4%         N/A       41%         3
 Ignite Poison            Fire/Tmut/Pois 2%         N/A       50%         3
 Agony                    Necr           2%         N/A       99%         5
 Freezing Cloud           Conj/Ice/Air   2%         6-21      99%         5
 Silence                  Hex/Air        1%         N/A       99%         5


Dungeon Overview and Level Annotations

Branches:
Dungeon (2/15)

Altars:

Annotations:
D:2 Sigmund


Innate Abilities, Weirdness & Mutations

Your serpentine skin is tough. (AC +1)
You have supernaturally acute eyesight. (SInv)
Armour fits poorly on your strangely shaped body.
Your system is resistant to poisons. (rPois)
You cover ground very slowly.
You can spit poison.
You have a snake-like lower body.


Message History

Sigmund screams, "You will never...
NEVER!!!"
Sigmund gestures at you while chanting.
You are confused.
Sigmund points at you and mumbles some strange words.
The magic dart hits you!
* * * LOW HITPOINT WARNING * * *
Sigmund gestures at you while chanting. You resist with some effort.
You feel stable enough to blink again.
You bump into the rock wall.
You bump into the rock wall.
You feel less confused.
Casting: Blink (safe; 19% risk of failure)
Confirm with . or Enter, or press ? or * to list all spells.
You blink.
You feel stable enough to blink again.
Found a whip.
Casting: Blink (safe; 19% risk of failure)
Confirm with . or Enter, or press ? or * to list all spells.
A shadowy apparition takes form in the air.
Your shadow imp says, "You called?"
Sigmund barely misses you.
Your shadow imp hits Sigmund but does no damage.
Sigmund misses your shadow imp.
Your shadow imp closely misses Sigmund.
Sigmund hits your shadow imp with a +6 scythe of freezing!
Sigmund freezes your shadow imp.
Your shadow imp dies!
Your shadow imp disappears in a puff of smoke!
Sigmund points at you and mumbles some strange words.
You are confused.
Sigmund gestures at you while chanting.
You are more confused.
Sigmund casts a spell at you. The puff of flame misses you.
You bump into the rock wall.
You bump into the rock wall.
You're too confused to cast spells.
You're too confused to move!
Sigmund hits you from afar with a +6 scythe of freezing!
You die...

######..#.#.##
#.......#.†..#
#######.####.#....#
........<#.....#..#
.#####...#.#.###..#
#...#.#..<#..#
#...#.#.#.#..#
###.###.#.#.#..#
#.@.# #.#.###..#
#.#####.#.#....#
#@..##.........+
####.##....#.####
#...@##.####.#
#)###......).# #.
#....###### #.
#...........
##.###.##########


You could see Sigmund.

Vanquished Creatures
  A dart slug (D:1)
  4 ball pythons
  A bat (D:2)
  An endoplasm (D:1)
  3 giant cockroaches
  2 goblins (D:1)
  5 hobgoblins (D:1)
  2 frilled lizards (D:1)
  3 kobolds
  2 rats
24 creatures vanquished.

Notes
Turn   | Place    | Note
-------+----------+-------------------------------------------
     0 | D:1      | Arcadio the Naga Hedge Wizard began the quest for the Orb.
     0 | D:1      | Reached XP level 1. HP: 15/15 MP: 4/4
   243 | D:1      | Reached XP level 2. HP: 24/24 MP: 1/6
   352 | D:1      | Learned a level 2 spell: Blink
   355 | D:1      | Learned a level 2 spell: Call Imp
  1316 | D:2      | Reached skill level 1 in Fighting
  1339 | D:2      | Reached XP level 3. HP: 31/31 MP: 1/7
  1567 | D:2      | Noticed Sigmund
  1602 | D:2      | Slain by Sigmund

Illustrated notes

Levels and vault maps discovered:
D:1:      lemuel_arrival_tunnels, layout_basic, serial_forest,
          infiniplex_forest_lined_room_2, infiniplex_forest_lined_room_2,
          infiniplex_forest_clump_diagonal, infiniplex_forest_end_2,
          infiniplex_forest_end_3, infiniplex_forest_lined_3_way,
          infiniplex_forest_straight_5, infiniplex_forest_lined_ring,
          infiniplex_forest_clump_cross, chequers_avenue,
          hangedman_abyss_or_decor_stabs
D:2:      minmay_wonky_spiral, layout_basic,
          shapermc_ecumenical_altar_starsandcircs, minmay_strange_pillars,
          minmay_cut_off, uniq_sigmund

Skill      XL: |  1  2 |
---------------+-------+-----
Fighting       | 1 |  1.1
Dodging        | |  1.5
Stealth        | |  3.7
Spellcasting   | |  3.2
Conjurations   | |  1.7
Summonings     | |  1.0
Translocations | |  1.0

Action                   || total
-------------------------++-------
Melee: Dagger            ||    13
 Cast: Magic Dart        ||    54
       Blink             ||     2
       Call Imp          ||     1
 Abil: Spit Poison       ||     4
  Use: Scroll            ||     2
 Stab: Sleeping          ||     1
Armor: Robe              ||     4
Dodge: Dodged            ||    13
